 Dungeon Crawl Stone Soup version 0.16.1-16-gc44b35d (webtiles) character file.

4736 Huymann the Ogre Mage (level 10, -10/150 HPs)
             Began as an Ogre Arcane Marksman on Apr 17, 2015.
             Mangled by a death yak (11 damage)
             ... on level 8 of the Dungeon.
             The game lasted 01:11:57 (12210 turns).

Huymann the Ogre Mage (Ogre Arcane Marksman)       Turns: 12210, Time: 01:11:57

Health: -10/150    AC: 25    Str: 18    XL:     10   Next: 46%
Magic:  25/25      EV:  1    Int: 14    God:
Gold:   174        SH:  0    Dex: 10    Spells: 2 memorised, 20 levels left

rFire  . . .     SeeInvis .     c - +3 flail (holy)
rCold  . . .     Clarity  .     N - melded +2 robe {Archmagi}
rNeg   + + +     SustAb   .     (shield restricted)
rPois  +         Gourm    .     (helmet currently unavailable)
rElec  .         Spirit   .     j - melded +1 cloak
rCorr  .         Warding  .     (gloves unavailable)
rMut   .         NoTele   +     (boots unavailable)
MR     +....                    (no amulet)
Stlth  ++++......               (no ring)
                                R - +1 ring of evasion

@: tree-form, somewhat resistant to hostile enchantments, stealthy
A: unfitting armour, (tough skin 0)
a: no special abilities


You were on level 8 of the Dungeon.
You were not hungry.
You were a tree.
You visited 2 branches of the dungeon, and saw 9 of its levels.

You collected 364 gold pieces.
You spent 190 gold pieces at shops.

Inventory:

Hand weapons
 a - a +0 blowgun
 c - a +3 flail of holy wrath (weapon)
 o - a +1 whip of venom
 O - a -2 giant spiked club
Missiles
 g - 3 tomahawks (quivered)
 l - 114 stones
 s - 15 poisoned needles
 K - a throwing net
Armour
 j - a +1 cloak (melded)
 r - a +0 animal skin
 N - a +2 robe of the Archmagi (melded)
Magical staves
 F - a cursed staff of poison {unknown}
Jewellery
 q - an uncursed amulet of stasis
 R - a +1 ring of evasion (left branch)
Magical devices
 p - a wand of digging (18)
 v - a wand of draining (0)
 w - a wand of hasting (6)
 y - a wand of lightning (0)
 I - a wand of lightning (0)
 J - a wand of heal wounds (0)
 M - a wand of fireball (6)
Scrolls
 e - a scroll of holy word {unknown}
 m - a scroll of remove curse
 t - a scroll of blinking
 C - 4 scrolls of teleportation
 G - 2 scrolls of fear {unknown}
Potions
 b - 3 potions of agility
 h - a potion of ambrosia {unknown}
 k - 4 potions of curing
 n - a potion of lignification
 u - a potion of restore abilities {unknown}
 x - a potion of poison {unknown}
 A - 2 potions of cancellation
 B - 2 potions of berserk rage {unknown}
 E - a potion of magic {unknown}
Books
 d - a book of Debilitation

   Spells                             Type                      Level
   a - Corona                         Hexes                        1
   b - Slow                           Hexes                        2
   c - Inner Flame                    Hexes/Fire                   3
   d - Enslavement                    Hexes                        4
   e - Cause Fear                     Hexes                        4
   f - Leda's Liquefaction            Hexes/Earth                  4
 D - a book of the Earth

   Spells                             Type                      Level
   a - Leda's Liquefaction            Hexes/Earth                  4
   b - Bolt of Magma                  Conjuration/Fire/Earth       5
   c - Statue Form                    Transmutation/Earth          6
   d - Iron Shot                      Conjuration/Earth            6
   e - Shatter                        Earth                        9
 H - Xodgh's Disquisition on Glamour
   (You found it on level 6 of the Dungeon)

   Spells                             Type                      Level
   a - Corona                         Hexes                        1
   b - Fulminant Prism                Conjuration/Hexes            4
   c - Gell's Gravitas                Hexes/Translocation          5
Comestibles
 f - 5 meat rations
 i - 3 bread rations
 z - a slice of pizza


   Skills:
 * Level 6.9 Fighting
 * Level 6.2 Maces & Flails
 * Level 5.7 Throwing
 * Level 6.7 Dodging
 * Level 4.6 Stealth
 * Level 7.0 Spellcasting
 * Level 4.7 Hexes
 + Level 0.3 Evocations


You had 20 spell levels left.
You knew the following spells:

 Your Spells              Type           Power        Failure   Level  Hunger
a - Corona                Hex            ###....      2%          1    None
b - Slow                  Hex            ###.....     3%          2    #......


Dungeon Overview and Level Annotations

Branches:
Dungeon (8/15)             Temple (1/1) D:5            Lair (0/8) D:8

Altars:
Ashenzari
Cheibriados
Dithmenos
Elyvilon
Fedhas
Gozag
Kikubaaqudgha
Makhleb
Nemelex Xobeh
Okawaru
Qazlal
Ru
Vehumet
Xom
Yredelemnul
Zin
The Shining One

Shops:
D:8 !*


Innate Abilities, Weirdness & Mutations

You are too large for most types of armour.
((You have tough skin (AC +1).))


Message History

* * * LOW HITPOINT WARNING * * *
Drink which item? (? for menu, Esc to quit)
You turn into a tree.
Your +1 cloak melds into your body.
Your +2 robe of the Archmagi melds into your body.
You feel strangely numb.
Your roots penetrate the ground.
The death yak gores you.
* * * LOW HITPOINT WARNING * * *
You hit the death yak but do no damage.
The death yak is severely wounded.
The death yak gores you.
* * * LOW HITPOINT WARNING * * *
The death yak gores you!
* * * LOW HITPOINT WARNING * * *
You hit the death yak.
The death yak is severely wounded.
The death yak gores you but does no damage.
You hit the death yak but do no damage.
The death yak is severely wounded.
The death yak gores you!
You die...

#..# #.># #..# #..#
#..###### ########
#..##...# #..)...#
#..##...######
#......#####..#......(...
#.......♣Y(..(#.#########
#......######.#.##.......
#.............#.##......#
#......########.#######.#
##............#.......#.#
#.#..####.#..#######.#..
#.#.......#...<...##.###
#.##......#..#.##.##....
#.#######.#..#.##.##.###


You could see a death yak.

Vanquished Creatures
  A hill giant (D:7)
  An elephant (D:8)
  A cyclops (D:8)
  Psyche (D:7)
  Edmund (D:4)
  7 ice beasts
  3 centaurs
  2 ogres
  2 phantoms (D:5)
  2 sky beasts (D:5)
  An orc warrior (D:7)
  A crocodile (D:8)
  A gnoll sergeant (D:7)
  6 giant frogs
  A centaur zombie (D:8)
  5 crimson imps
  A giant frog zombie (D:8)
  A jelly (D:5)
  2 hounds (D:5)
  A centaur skeleton (D:7)
  3 iguanas (D:5)
  7 orc wizards
  3 orc priests
  3 worker ants
  A killer bee zombie (D:8)
  Ijyb (D:2)
  A worker ant zombie (D:7)
  8 gnolls
  Robin (D:2)
  5 adders
  3 worms
  3 giant mites
  5 giant geckos
  An ooze (D:7)
  28 orcs
  12 bats
  18 goblins
  12 hobgoblins
  6 jackals
  21 kobolds
  4 quokkas
  2 ball pythons
  7 giant cockroaches
  7 giant newts
  12 rats
215 creatures vanquished.

Notes
Turn   | Place    | Note
--------------------------------------------------------------
     0 | D:1      | Huymann, the Ogre Arcane Marksman, began the quest for the Orb.
     0 | D:1      | Reached XP level 1. HP: 19/19 MP: 2/2
   514 | D:1      | Reached XP level 2. HP: 27/27 MP: 1/3
  1081 | D:1      | Reached XP level 3. HP: 33/33 MP: 5/5
  1362 | D:2      | Learned a level 2 spell: Slow
  1393 | D:2      | Reached skill level 3 in Throwing
  1430 | D:2      | Noticed Ijyb
  1450 | D:2      | Killed Ijyb
  1837 | D:2      | Reached XP level 4. HP: 42/42 MP: 7/7
  2321 | D:2      | Reached XP level 5. HP: 43/50 MP: 3/10
  2383 | D:2      | Reached skill level 1 in Maces & Flails
  2434 | D:2      | Noticed an ice beast
  2458 | D:2      | Noticed Robin
  2466 | D:2      | Killed Robin
  2466 | D:2      | Reached skill level 1 in Stealth
  2593 | D:2      | Killed an ice beast
  2593 | D:2      | Reached XP level 6. HP: 39/61 MP: 11/13
  3703 | D:4      | Noticed Edmund
  3737 | D:4      | Killed Edmund
  3988 | D:4      | Reached XP level 7. HP: 65/67 MP: 15/15
  4387 | D:5      | Entered Level 5 of the Dungeon
  4446 | D:5      | Found a shimmering altar of Xom.
  4462 | D:5      | Reached skill level 4 in Throwing
  4866 | D:5      | Reached XP level 8. HP: 51/78 MP: 11/18
  5579 | D:5      | Found a white marble altar of Elyvilon.
  5647 | D:5      | Found a staircase to the Ecumenical Temple.
  5705 | Temple   | Entered the Ecumenical Temple
  7129 | D:6      | Reached skill level 5 in Fighting
  7129 | D:6      | Reached XP level 9. HP: 48/88 MP: 20/20
  7277 | D:6      | Reached skill level 5 in Throwing
  7318 | D:6      | Reached skill level 5 in Spellcasting
  7617 | D:6      | Found a shattered altar of Ashenzari.
  7741 | D:6      | Found a shadowy altar of Dithmenos.
  7786 | D:6      | Identified Xodgh's Disquisition on Glamour (You found it on level 6 of the Dungeon)
  7792 | D:6      | Reached skill level 5 in Dodging
  8310 | D:7      | Reached skill level 5 in Maces & Flails
  9206 | D:7      | Noticed a hill giant
  9214 | D:7      | Killed a hill giant
  9214 | D:7      | Reached skill level 6 in Fighting
  9420 | D:7      | HP: 3/89 [gnoll (8)]
  9425 | D:7      | HP: 1/89 [gnoll (3)]
 10206 | D:7      | Found an iron altar of Okawaru.
 10208 | D:7      | Found a burning altar of Makhleb.
 10279 | D:7      | Reached XP level 10. HP: 90/100 MP: 24/24
 10633 | D:8      | Noticed Psyche
 10641 | D:8      | Noticed a cyclops
 10656 | D:7      | Killed Psyche
 11325 | D:8      | Killed a cyclops
 11500 | D:8      | Found a staircase to the Lair.
 11500 | D:8      | Noticed an elephant
 11500 | D:8      | Noticed a death yak
 11565 | D:8      | Found Quevysm's Distillery.
 11573 | D:8      | Bought a potion of heal wounds for 75 gold pieces
 11584 | D:8      | Found Sticyuh's Assorted Antiques.
 11587 | D:8      | Bought a runed silver ring for 115 gold pieces
 11810 | D:8      | Killed an elephant
 11810 | D:8      | Reached skill level 7 in Spellcasting
 12208 | D:8      | HP: 1/150 [death yak (10)]
 12210 | D:8      | Mangled by a death yak

Action                   |  1- 3 |  4- 6 |  7- 9 | 10-12 || total
-------------------------+-------+-------+-------+-------++-------
Melee: Unarmed           |     3 |       |       |       ||     3
       Club              |    19 |       |       |       ||    19
       Whip              |    60 |   200 |    61 |    17 ||   338
       Flail             |       |       |   287 |    60 ||   347
Throw: Stone             |    66 |    20 |    53 |     6 ||   145
       Large rock        |    12 |    10 |    11 |    16 ||    49
       Throwing net      |     3 |     2 |       |       ||     5
       Tomahawk          |       |       |       |     1 ||     1
 Cast: Corona            |    20 |    11 |    69 |    20 ||   120
       Slow              |     1 |     5 |     3 |     3 ||    12
Evoke: Wand              |       |       |     5 |     5 ||    10
  Use: Scroll            |       |     6 |     9 |     1 ||    16
       Potion            |       |     1 |     4 |     2 ||     7
 Stab: Held in net/web   |     1 |     1 |       |       ||     2
       Sleeping          |       |       |     2 |     1 ||     3
  Eat: Chunk             |     3 |     7 |    19 |     4 ||    33
       Beef jerky        |       |     1 |       |       ||     1
       Pizza             |       |       |       |     2 ||     2
